 Dungeon Crawl Stone Soup version 0.28.0-1-gb440e238dd (webtiles) character file.

Game seed: 3716037411727537328

716 Bamboolord the Gusty (level 7, 0/36 HPs)
             Began as a Tengu Air Elementalist on Feb 25, 2022.
             Was an Initiate of Vehumet.
             Slain by Pikel (8 damage)
             ... on level 3 of the Dungeon.
             The game lasted 00:10:21 (4736 turns).

Bamboolord the Gusty (Tengu Air Elementalist)       Turns: 4736, Time: 00:10:22

Health: 0/36       AC:  3    Str:  8    XL:     7   Next: 69%
Magic:  1/14       EV: 16    Int: 18    God:    Vehumet [......]
Gold:   123        SH:  0    Dex: 14    Spells: 2/14 levels left

rFire   . . .      SeeInvis .   b - staff of air
rCold   . . .      Faith    .   (no shield)
rNeg    . . .      Spirit   .   h - +0 robe
rPois   .          Reflect  .   (helmet restricted)
rElec   +          Harm     .   (no cloak)
rCorr   .          Rampage  .   j - +0 pair of gloves
Will    .....                   (boots unavailable)
Stlth   ++........              (no amulet)
HPRegen 0.12/turn               (no ring)
MPRegen 0.14/turn               (no ring)

@: flying quickly and evasively, quick
A: beak, talons 3, nimble flight
a: Renounce Religion


You were on level 3 of the Dungeon.
You worshipped Vehumet.
Vehumet was noncommittal.
You visited 2 branches of the dungeon, and saw 5 of its levels.

You collected 177 gold pieces.
You spent 54 gold pieces at shops.

Inventory:

Hand Weapons
 a - the +10 hand axe "Histopass" {spect, Str+6}
   (You found it on level 3 of the Dungeon)

   When its wielder attacks, the weapon's spirit leaps out and strikes again.
   The spirit shares a part of any damage it takes with its wielder.
   Str:       It affects your strength (+6).
Armour
 h - a +0 robe (worn)
 j - a +0 pair of gloves (worn)
Magical Staves
 b - a staff of air (weapon)
Jewellery
 o - an amulet of faith
Scrolls
 g - a scroll of amnesia
 i - a scroll of fog
 k - 2 scrolls of teleportation {unknown}
 l - a scroll of magic mapping {unknown}
 m - a scroll of identify
 n - a scroll of enchant weapon {unknown}
Potions
 c - a potion of heal wounds {unknown}
 d - a potion of attraction {unknown}
 e - 4 potions of curing {unknown}
 f - a potion of might {unknown}


   Skills:
 * Level 4.1 Dodging
 + Level 2.2 Stealth
 * Level 4.2 Spellcasting
 * Level 5.8 Conjurations
 * Level 6.9 Air Magic


You had 2 spell levels left.
You knew the following spells:

 Your Spells              Type           Power      Damage    Failure   Level
a - Shock                 Conj/Air       100%       1d9       1%          1
b - Static Discharge      Conj/Air       40%        N/A       1%          2
c - Swiftness             Air            43%        N/A       2%          3
d - Airstrike             Air            21%        N/A       9%          4
e - Poisonous Vapours     Pois/Air       48%        N/A       5%          2

Your spell library contained the following spells:

 Spells                   Type           Power      Damage    Failure   Level
 Sting                    Tmut/Pois      12%        1d3       14%         1
 Olgreb's Toxic Radiance  Pois           3%         N/A       82%         4


Dungeon Overview and Level Annotations

Branches:
Dungeon (4/15)             Temple (1/1) D:4

Altars:
Cheibriados
Gozag
Hepliaklqana
Nemelex Xobeh
Sif Muna
Uskayaw
Vehumet
Xom

Shops:
D:4 [

Annotations:
D:3 Pikel


Innate Abilities, Weirdness & Mutations

You have a beak for a mouth.
You have claws for feet.
Your magical nature lets you fly swiftly and evasively.


Message History

The lemure is severely wounded.
The lemure is struck by an arc of lightning.
The lemure is severely wounded.
The lightning grounds out.
The lemure completely misses you.
Casting: Static Discharge (safe; 1% risk of failure)
Confirm with . or Enter, or press ? or * to list all spells.
You feel a surge of power!
The lemure is struck by an arc of lightning.
The lemure is almost dead.
You resist.
You are struck by an arc of lightning.
Unknown command.
There is a stone staircase leading up here.
You hit Pikel but do no damage. Your kick misses Pikel. You peck Pikel.
Pikel is lightly wounded.
Pikel misses you.
You hit Pikel but do no damage. You claw Pikel. You peck Pikel.
Pikel is moderately wounded.
Pikel completely misses you.
Casting: Static Discharge (safe; 1% risk of failure)
Confirm with . or Enter, or press ? or * to list all spells.
You feel a surge of power!
Pikel is struck by an arc of lightning.
Pikel is heavily wounded.
The lightning grounds out.
Pikel hits you with a +2 whip of flaming!
Pikel burns you.
Casting: Static Discharge (safe; 1% risk of failure)
Confirm with . or Enter, or press ? or * to list all spells.
You feel a surge of power!
Pikel is struck by an arc of lightning!
Pikel is severely wounded.
The lightning grounds out.
Pikel misses you.
Unknown command.
There is a stone staircase leading up here.
Pikel hits you with a +2 whip of flaming!
* * * LOW HITPOINT WARNING * * *
Pikel burns you.
* * * LOW HITPOINT WARNING * * *
You fly upwards.
There is a stone staircase leading down here.
Pikel hits you with a +2 whip of flaming!
You die...

###### ##### #....# #...#
#.##.#
#.#.#############.##.#
#.#...(..............#
##.################.######
#........@>...............
##..#....#K#####....######
#....##.#.# #.##.######
#.....#.#.#####.##.#.....
####....#.#.....##.#.####
#.....###................
##.##..###.......##.#.####
#...#.......##.#....#.####
###.#.#.###.##)######.#...


You could see Pikel.

Vanquished Creatures
  Grinder (D:3)
  Sigmund (D:3)
  A lemure (D:4)
  A hound (D:4)
  A jelly (D:4)
  Natasha (twice) (D:2)
  2 orc wizards
  7 gnolls
  4 adders (D:4)
  2 dart slugs
  5 orcs
  8 ball pythons
  7 bats
  3 endoplasms
  2 giant cockroaches
  10 goblins
  6 hobgoblins
  2 jackals (D:4)
  4 quokkas
  2 frilled lizards
  6 kobolds
  7 rats
84 creatures vanquished.

Notes
Turn   | Place    | Note
-------+----------+-------------------------------------------
     0 | D:1      | Bamboolord the Tengu Air Elementalist began the quest for
                  | the Orb.
     0 | D:1      | Reached XP level 1. HP: 10/10 MP: 4/4
    94 | D:1      | Found a faded altar of an unknown god.
   256 | D:1      | Reached XP level 2. HP: 11/15 MP: 0/6
   384 | D:1      | Learned a level 2 spell: Static Discharge
  1160 | D:1      | Reached XP level 3. HP: 19/19 MP: 4/7
  1355 | D:1      | Learned a level 3 spell: Swiftness
  1559 | D:2      | Reached XP level 4. HP: 16/24 MP: 1/8
  1738 | D:2      | Noticed Natasha
  1742 | D:2      | Killed Natasha
  1941 | D:2      | Noticed Natasha
  1948 | D:2      | Killed Natasha
  1949 | D:2      | Reached skill level 5 in Air Magic
  1949 | D:2      | Gained mutation: Your magical nature lets you fly swiftly
                  | and evasively. [Tengu growth]
  1949 | D:2      | Reached XP level 5. HP: 7/28 MP: 3/10
  2457 | D:3      | Noticed Grinder
  2462 | D:3      | Killed Grinder
  2463 | D:3      | Reached skill level 6 in Air Magic
  2463 | D:3      | Reached XP level 6. HP: 14/32 MP: 1/12
  2469 | D:3      | Learned a level 4 spell: Airstrike
  2472 | D:3      | Learned a level 2 spell: Poisonous Vapours
  2698 | D:3      | Identified the +10 hand axe "Histopass" {spect, Str+6}
  2778 | D:3      | Noticed Sigmund
  2795 | D:3      | Killed Sigmund
  2796 | D:3      | Reached skill level 5 in Conjurations
  2796 | D:3      | Reached XP level 7. HP: 21/36 MP: 0/14
  3537 | D:4      | Found Usmas's Armour Boutique.
  3545 | D:4      | Found a staircase to the Ecumenical Temple.
  3546 | D:4      | Bought a +0 pair of gloves for 54 gold pieces
  3557 | Temple   | Entered the Ecumenical Temple
  3692 | Temple   | Became a worshipper of Vehumet
  4706 | D:4      | Noticed Pikel
  4736 | D:3      | Slain by Pikel

Illustrated notes

Levels and vault maps discovered:
D:1:      dpeg_arrival_orchard, layout_loops_ring,
          hellmonk_ecumenical_altar_zigzags, hangedman_feature_mirror
D:2:      layout_rooms, uniq_natasha
D:3:      layout_basic, uniq_grinder, uniq_sigmund
D:4:      layout_loops_ring, minmay_temple_entry_overgrown, serial_shops, shop,
          kennysheep_generic_room_10, uniq_pikel
Temple:   mainiacjoe_temple_big_plus

Skill      XL: |  1  2  3  4  5  6  7 |
---------------+----------------------+-----
Conjurations   | 2 3 4 5 |  5.8
Air Magic      | 5 6 |  6.9
Dodging        | 3 4 |  4.1
Spellcasting   | 3 4 |  4.2
Stealth        | |  2.2

Action                   |  1- 3 |  4- 6 |  7- 9 || total
-------------------------+-------+-------+-------++-------
Melee: Staff             |     8 |     2 |    10 ||    20
       Kick              |     1 |       |     3 ||     4
       Peck              |     1 |     1 |     4 ||     6
 Cast: Shock             |    56 |    35 |    56 ||   147
       Static Discharge  |     1 |     7 |    10 ||    18
       Poisonous Vapours |       |     2 |       ||     2
       Airstrike         |       |     1 |       ||     1
  Use: Scroll            |       |     1 |     1 ||     2
Armor: Robe              |     2 |     3 |     2 ||     7
Dodge: Dodged            |     6 |     9 |    12 ||    27
